 Dungeon Crawl Stone Soup version 0.27-a0-1565-gad902ab807 (webtiles) character file.

Game seed: 11134467538067890890

42 Sobieck the Digger (level 3, -1/24 HPs)
             Began as a Formicid Earth Elementalist on July 16, 2021.
             Succumbed to a goblin's poison
             ... on level 2 of the Dungeon.
             The game lasted 00:04:07 (1794 turns).

Sobieck the Digger (Formicid Earth Elementalist)    Turns: 1794, Time: 00:04:07

Health: -1/24      AC:  2    Str: 12    XL:     3   Next: 77%
Magic:  0/6        EV: 12    Int: 15    God:
Gold:   62         SH:  0    Dex: 11    Spells: 3/6 levels left

rFire    + . .     SeeInvis +   e - +0 dagger {short}
rCold    . . .     Faith    .   (no shield)
rNeg     . . .     Spirit   .   b - +0 robe
rPois    .         Reflect  .   (helmet unavailable)
rElec    .         Harm     .   (no cloak)
rCorr    .         Rampage  .   (no gloves)
Will     .....                  (no boots)
Stlth    ++........             (no amulet)
HPRegen  0.08/turn              h - ring of protection from fire
MPRegen  0.10/turn              (no ring)

@: lethally poisoned (-1 -> -19), attractive
A: permanent stasis, dig shafts and tunnels, antennae 3, four strong arms
a: Dig, Shaft Self


You were on level 2 of the Dungeon.
You visited 1 branch of the dungeon, and saw 2 of its levels.

You collected 62 gold pieces.


Innate Abilities, Weirdness & Mutations

You cannot be hasted, slowed, berserked, paralysed or teleported.
You can dig through walls and to a lower floor.
You have a pair of large antennae on your head. (SInv)
Your four strong arms can wield two-handed weapons with a shield.


   Skills:
 - Level 1.7 Dodging
 + Level 3.9 Stealth
 - Level 2.1 Spellcasting
 - Level 1.1 Transmutations
 + Level 4.6 Earth Magic


You had 3 spell levels left.
You knew the following spells:

 Your Spells              Type           Power      Damage    Failure   Level
a - Sandblast             Erth           30%        2d9       3%          1
b - Passwall              Tmut/Erth      8%         N/A       11%         2

Your spell library contained the following spells:

 Spells                   Type           Power      Damage    Failure   Level
 Stone Arrow              Conj/Erth      16%        3d8       26%         3
 Petrify                  Tmut/Erth      10%        N/A       56%         4

Inventory:

Hand Weapons
 a - a +0 dagger of venom {short}
   (You took it off a goblin on level 2 of the Dungeon)
 d - a +0 hunting sling {sling}
   (You found it on level 1 of the Dungeon)
 e - a +0 dagger (weapon) {short}
   (You took it off a goblin on level 1 of the Dungeon)
Missiles
 c - 60 stones {throwing}
 f - a throwing net {=f!fthrowing}
Armour
 b - a +0 robe (worn)
Jewellery
 h - a ring of protection from fire (left hand)
   (You found it on level 1 of the Dungeon)
Scrolls
 g - a scroll of enchant weapon {unknown}
 i - a scroll of silence {unknown}
 j - a scroll of identify {unknown}
Potions
 k - a potion of heal wounds {@q2}

Dungeon Overview and Level Annotations

Branches:
Dungeon (2/15)

Altars:

......gg{{>...>#
##.#.#.########
#.#.#.#.# #.#.#.#.#
#.#.#.#.########
#.#.#..........#
#######.#.#..#######.#
#...........gK#.#
.#####.###..#@##
#........###
#.#......#
#.#####..###
#.#.........
#.###.#.........
#.......<.......
#####.#.รท...<...
#...........


You could see a goblin and a kobold.


Message History

You kill the goblin! ๐Ÿ˜ฎ MP[-1]
You lost 1 mp, and now have 3/6 mp.
Casting: Sandblast (safe; 3% risk of failure)
Confirm with . or Enter, or press ? or * to list all spells.
Aiming: Sandblast (safe; 3% risk of failure)
Press: ? - help, Shift-Dir - straight line, f - hobgoblin
Aim: a hobgoblin (79% to hit)
The blast of sand hits the hobgoblin.
The hobgoblin completely misses you. ๐Ÿ˜ฎ MP[-1]
You lost 1 mp, and now have 2/6 mp.
Casting: Sandblast (safe; 3% risk of failure)
Confirm with . or Enter, or press ? or * to list all spells.
Aiming: Sandblast (safe; 3% risk of failure)
Press: ? - help, Shift-Dir - straight line, f/p - hobgoblin
Aim: a hobgoblin (almost dead, 79% to hit)
The blast of sand misses the hobgoblin.
The hobgoblin hits you.
* * * LOW HITPOINT WARNING * * *
๐Ÿ˜จ HP[-2]
You take 2 damage, and now have 12/24 hp.
Casting: Sandblast (safe; 3% risk of failure)
Confirm with . or Enter, or press ? or * to list all spells.
Aiming: Sandblast (safe; 3% risk of failure)
Press: ? - help, Shift-Dir - straight line, f/p - hobgoblin
Aim: a hobgoblin (almost dead, 79% to hit)
The blast of sand hits the hobgoblin.
You kill the hobgoblin! ๐Ÿ˜จ MP[-1]
You lost 1 mp, and now have 1/6 mp.
You closely miss the goblin. You hit the goblin.
You kill the goblin!
The goblin shouts!
You hear a shout!
Items here: ))) โ€ โ€ .
You start resting.
A goblin is nearby!
Casting: Sandblast (safe; 3% risk of failure)
Confirm with . or Enter, or press ? or * to list all spells.
Aiming: Sandblast (safe; 3% risk of failure)
Press: ? - help, Shift-Dir - straight line, f - goblin
Aim: a goblin, wielding a +0 club (74% to hit)
The blast of sand hits the goblin!
You kill the goblin! ๐Ÿ˜ฎ HP[+1] MP[-1]
You lost 1 mp, and now have 0/6 mp.
You hit the goblin but do no damage.
The goblin hits you with a +0 dagger of venom.
* * * LOW HITPOINT WARNING * * *
You are poisoned. ๐Ÿ˜จ HP[-1]
You take 1 damage, and now have 12/24 hp.
You closely miss the goblin.
You feel sick.
The goblin barely misses you. ๐Ÿ˜จ HP[-2] MP[+1]
You take 2 damage, and now have 10/24 hp.
You closely miss the goblin.
You feel sick.
The goblin hits you with a +0 dagger of venom.
* * * LOW HITPOINT WARNING * * *
You are lethally poisoned! ๐Ÿ˜จ HP[-3]
You take 3 damage, and now have 7/24 hp.
It was a potion of attraction.
You feel attractive to monsters.
* * * LOW HITPOINT WARNING * * *
You feel sick.
The goblin hits you with a +0 dagger of venom.
* * * LOW HITPOINT WARNING * * *
You are more poisoned. ๐Ÿ˜ฑ HP[-3]
You take 3 damage, and now have 4/24 hp.
It was a potion of heal wounds.
You feel much better.
You feel very sick.
The goblin hits you with a +0 dagger of venom.
You are more poisoned. ๐Ÿ˜ฎ HP[+13]
You regained 13 hp, and now have 17/24 hp.
Casting: Sandblast (safe; 3% risk of failure)
Confirm with . or Enter, or press ? or * to list all spells.
Aiming: Sandblast (safe; 3% risk of failure)
Press: ? - help, Shift-Dir - straight line, f - goblin
Aim: a goblin, wielding a +0 dagger of venom (74% to hit)
The blast of sand hits the goblin.
You kill the goblin!
* * * LOW HITPOINT WARNING * * *
You feel very sick.
You hear a shout! ๐Ÿ˜จ HP[-6] MP[-1]
You take 6 damage, and now have 11/24 hp.
MASSIVE DAMAGE!! (PAUSE)
You lost 1 mp, and now have 0/6 mp.
* * * LOW HITPOINT WARNING * * *
You feel very sick.
The kobold shouts!
The kobold hits you with a +0 whip.
* * * LOW HITPOINT WARNING * * *
Items here: ))))) โ€ โ€ . ๐Ÿ˜ฑ HP[-8]
You take 8 damage, and now have 3/24 hp.
MASSIVE DAMAGE!! (PAUSE)
a - a +0 dagger of venom {short} You die...

Skill      XL: |  1  2 |
---------------+-------+-----
Stealth        | 3 |  3.9
Earth Magic    | 4 |  4.6
Dodging        | |  1.7
Spellcasting   | |  2.1
Transmutations | |  1.1

Action                   || total
-------------------------++-------
Melee: Unarmed           ||     9
       Dagger            ||    96
 Cast: Sandblast         ||    18
       Passwall          ||     4
 Abil: Dig               ||    10
  Use: Potion            ||     2
 Stab: Sleeping          ||     5
Armor: Robe              ||    10
Dodge: Dodged            ||    63

Levels and vault maps discovered:
D:1:      heliophobic_arrival_enchanted_forest, layout_loops_corners,
          serial_bayou_pond_c, minmay_misc_feat_chi
D:2:      minmay_general_purpose_star, layout_basic,
          shapermc_ecumenical_altar_gd, chequers_serial_rivers_micro_a,
          lemuel_another_geyser, uniq_robin

Notes
Turn   | Place    | Note
-------+----------+-------------------------------------------
     0 | D:1      | Sobieck the Formicid Earth Elementalist began the quest for
                  | the Orb.
     0 | D:1      | Reached XP level 1. HP: 13/13 MP: 3/3
     0 | D:1      | magus.rc [v1.9.6]
   164 | D:1      | Reached XP level 2. HP: 19/19 MP: 1/5
   211 | D:2      | Reached skill level 3 in Stealth
   211 | D:2      | Reached skill level 4 in Earth Magic
   342 | D:1      | Learned a level 2 spell: Passwall
   945 | D:1      | Reached XP level 3. HP: 19/24 MP: 3/6
  1790 | D:2      | HP: 5/24 [poisoned by a goblin]
  1794 | D:2      | Succumbed to a goblin's poison

Vanquished Creatures
  A dart slug (D:1)
  3 endoplasms
  A giant cockroach (D:1)
  4 hobgoblins
  2 jackals (D:1)
  2 kobolds (D:1)
  A quokka (D:1)
  A ball python (D:1)
  2 bats (D:1)
  A frilled lizard (D:1)
  12 goblins
  3 rats (D:1)
33 creatures vanquished.

Table legend:
 A = Non-vault XP
 B = Vault XP
 C = Vault XP percentage of total XP
 D = Non-vault monster count
 E = Vault monster count
 F = Vault count percentage of total count
                 A         B        C        D         E       F
            +---------+---------+-------+---------+---------+-------
      Total |      46 |      14 |  23.3 |      26 |       7 |  21.2
            +---------+---------+-------+---------+---------+-------
        D:1 |      42 |       0 |   0.0 |      24 |       0 |   0.0
        D:2 |       4 |      14 |  77.8 |       2 |       7 |  77.8
            +---------+---------+-------+---------+---------+-------

Illustrated notes

Table legend:
 A = Kills in this place as a percentage of kills in entire the game.
 B = Kills by you in this place as a percentage of kills by you in the entire game.
 C = Kills by friends in this place as a percentage of kills by friends in the entire game.
 D = Other kills in this place as a percentage of other kills in the entire game.
 E = Experience gained in this place as a percentage of experience gained in the entire game.
 F = Experience gained in this place divided by the number of levels of this place that you have seen.
                   A       B       C       D       E      F
               +-------+-------+-------+-------+-------+----------------------
         Total | 100.0 | 100.0 |   N/A |   N/A | 100.0 |  30.0
       Dungeon | 100.0 | 100.0 |   N/A |   N/A | 100.0 |  30.0
               +-------+-------+-------+-------+-------+----------------------

Table legend: (Time is in decaauts)
 A = Elapsed time spent in this place.
 B = Non-inter-level travel time spent in this place.
 C = Inter-level travel time spent in this place.
 D = Time resting spent in this place.
 E = Time spent auto-exploring this place.
 F = Levels seen in this place.
 G = Mean time per level.
                   A        B        C        D        E       F      G
               +--------+--------+--------+--------+--------+-----+--------+
         Total |   1805 |   1755 |     50 |    702 |    727 |   2 |  902.5 |
       Dungeon |   1805 |   1755 |     50 |    702 |    727 |   2 |  902.5 |
               +--------+--------+--------+--------+--------+-----+--------+

Top non-repeatable levels by time:
     D:1: 1725 daAuts
     D:2: 79 daAuts
